 Dungeon Crawl Stone Soup version 0.23-a0-642-g3120c2f (webtiles) character file.

42 Letos the Skirmisher (level 3, -1/40 HPs)
             Began as an Ogre Fighter on Dec 30, 2018.
             Slain by an adder (5 damage)
             ... on level 2 of the Dungeon.
             The game lasted 00:01:21 (1145 turns).

Letos the Skirmisher (Ogre Fighter)                 Turns: 1145, Time: 00:01:22

Health: -1/40      AC:  3    Str: 21    XL:     3   Next: 54%
Magic:  3/3        EV: 10    Int: 14    God:
Gold:   60         SH:  0    Dex:  8    Spells: 2/2 levels left

rFire    . . .     SeeInvis .   a - +0 flail
rCold    . . .     Gourm    .   (no shield)
rNeg     . . .     Faith    .   b - +0 robe
rPois    .         Spirit   .   (helmet restricted)
rElec    .         Reflect  .   (no cloak)
rCorr    .         Harm     .   (gloves unavailable)
MR       .....                  (boots unavailable)
Stlth    +.........             (no amulet)
HPRegen  0.13/turn              (no ring)
MPRegen  0.08/turn              (no ring)

@: brilliant, lethally poisoned (-1 -> -10)
A: large, unfitting armour, tough skin 1
a: no special abilities


You were on level 2 of the Dungeon.
You were not hungry.

You visited 1 branch of the dungeon, and saw 2 of its levels.

You collected 60 gold pieces.

Inventory:

Hand Weapons
 a - a +0 flail (weapon)
Armour
 b - a +0 robe (worn)
Scrolls
 c - a scroll of fog {unknown}
 e - a scroll of remove curse {unknown}
 g - 3 scrolls of enchant armour {unknown}
 i - a scroll of blinking {unknown}
 j - 4 scrolls of identify {unknown}
 k - a scroll of fear {unknown}
 m - 3 scrolls of enchant weapon {unknown}
 n - a scroll of magic mapping {unknown}
Potions
 d - 3 potions of might
 l - a potion of curing {unknown}
 o - a potion of lignification {unknown}
Comestibles
 f - a ration
 p - 2 chunks of flesh


   Skills:
 + Level 4.7 Fighting
 * Level 3.0 Maces & Flails
 - Level 2.6 Dodging
   Level 2.6 Shields


You had 2 spell levels left.
You didn't know any spells.
Your spell library was empty.

Dungeon Overview and Level Annotations

Branches:
Dungeon (2/15)

Altars:


Innate Abilities, Weirdness & Mutations

You are too large for most types of armour.
You have tough skin. (AC +1)


Message History

You closely miss the adder.
The adder is heavily wounded.
You feel sick. The adder bites you.
* * * LOW HITPOINT WARNING * * *
The adder bites you but does no damage.
You closely miss the adder.
The adder is heavily wounded.
You feel sick. The adder bites you.
* * * LOW HITPOINT WARNING * * *
You miss the adder.
The adder is heavily wounded.
The adder barely misses you. The adder bites you.
* * * LOW HITPOINT WARNING * * *
You are more poisoned.
The adder poisons you!
It was a potion of brilliance.
You feel clever all of a sudden.
* * * LOW HITPOINT WARNING * * *
You feel sick. The adder bites you.
You die...

##### .. ...(.. #.
...... #. ..... .#....
..... #...#####
#)#.....#
##############........
!.....S@....)....#####
.......#######(.##
....... #..# .......
#..# ....... #..#
####### ##.##
####..###
#######.......#
.........)..###


You could see an adder.

Vanquished Creatures
  2 dart slugs
  2 leopard geckos (D:2)
  10 bats
  2 goblins (D:1)
  2 hobgoblins
  4 jackals (D:2)
  5 kobolds
  4 frilled lizards
  4 rats (D:1)
35 creatures vanquished.

Notes
Turn   | Place    | Note
-------+----------+-------------------------------------------
     0 | D:1      | Letos the Ogre Fighter began the quest for the Orb.
     0 | D:1      | Reached XP level 1. HP: 24/24 MP: 1/1
   159 | D:1      | Reached XP level 2. HP: 32/32 MP: 2/2
   815 | D:2      | Reached XP level 3. HP: 31/40 MP: 3/3
  1145 | D:2      | Slain by an adder

Vault maps used:
D:1:      eino_arrival_water_star, serial_curves, eino_curves_01,
          eino_curves_03, eino_curves_02
D:2:      gammafunk_temple_overflow_pools, chequers_arboretum

Skill      XL: |  1  2  3 |
---------------+----------+-----
Maces & Flails | 2 3 |  3.0
Fighting       | |  4.7
Dodging        | |  2.6
Shields        | |  2.6

Action                   || total
-------------------------++-------
Melee: Flail             ||   125
  Use: Potion            ||     1
 Stab: Sleeping          ||     1
  Eat: Chunk             ||     1
Armor: Robe              ||    71
Dodge: Dodged            ||    99

Table legend:
 A = Non-vault XP
 B = Vault XP
 C = Vault XP percentage of total XP
 D = Non-vault monster count
 E = Vault monster count
 F = Vault count percentage of total count
                 A         B        C        D         E       F
            +---------+---------+-------+---------+---------+-------
      Total |      60 |       0 |   0.0 |      35 |       0 |   0.0
            +---------+---------+-------+---------+---------+-------
        D:1 |      31 |       0 |   0.0 |      19 |       0 |   0.0
        D:2 |      29 |       0 |   0.0 |      16 |       0 |   0.0
            +---------+---------+-------+---------+---------+-------
